 Dungeon Crawl Stone Soup version 0.23.2-33-g5129a83184 (webtiles) character file.

Game seed: 8516379001649623259

45 funkygono the Skirmisher (level 3, -1/29 HPs)
             Began as a Demonspawn Abyssal Knight on July 20, 2019.
             Was a Follower of Lugonu.
             Succumbed to an orc wizard's poison
             ... on level 1 of the Dungeon.
             The game lasted 00:03:23 (1181 turns).

funkygono the Skirmisher (DsAK)                     Turns: 1181, Time: 00:03:24

Health: -1/29      AC:  3    Str: 13    XL:     3   Next: 42%
Magic:  4/4        EV: 11    Int: 13    God:    Lugonu [*.....]
Gold:   71         SH:  4    Dex: 12    Spells: 2/2 levels left

rFire    . . .     SeeInvis .   a - +1 mace
rCold    + . .     Gourm    .   (no shield)
rNeg     + . .     Faith    .   b - +0 leather armour
rPois    .         Spirit   .   (no helmet)
rElec    .         Reflect  .   (no cloak)
rCorr    .         Harm     .   (no gloves)
MR       +....                  (no boots)
Stlth    +.........             (no amulet)
HPRegen  0.09/turn              i - ring of protection from magic
MPRegen  0.09/turn              n - ring of positive energy

@: lethally poisoned (-1 -> -45)
A: large bone plates 1, cold resistance 1
a: Depart the Abyss, Renounce Religion


You were on level 1 of the Dungeon.
You worshipped Lugonu.
Lugonu was aware of your devotion.
You were not hungry.

You visited 1 branch of the dungeon, and saw 2 of its levels.
You visited the Abyss 1 time.

You collected 71 gold pieces.

Inventory:

Hand Weapons
 a - a +1 mace (weapon)
Missiles
 d - 66 stones (quivered)
Armour
 b - a +0 leather armour (worn)
 h - a +0 scale mail
Jewellery
 i - a ring of protection from magic (left hand)
 l - an uncursed ring of stealth
 n - a ring of positive energy (right hand)
Potions
 e - 2 potions of haste
 j - a potion of mutation
Comestibles
 c - 2 rations


   Skills:
 + Level 3.6 Fighting
 + Level 2.2 Maces & Flails
 + Level 2.0 Armour
 + Level 1.6 Dodging
 + Level 0.1 Stealth
 + Level 2.5 Invocations


You had 2 spell levels left.
You didn't know any spells.
Your spell library was empty.

Dungeon Overview and Level Annotations

Branches:
Dungeon (2/15)

Altars:


Innate Abilities, Weirdness & Mutations

You are partially covered in large bone plates. (SH +4)
Your flesh is cold resistant. (rC+)


Message History

You start resting.
You feel sick. Something hits you.
You are lethally poisoned!
There is a lethal amount of poison in your body!
There is a lethal amount of poison in your body!
You feel sick. Something hits you but does no damage.
You are more poisoned.
You feel very sick. Something hits you but does no damage.
You are more poisoned.
* * * LOW HITPOINT WARNING * * *
You feel very sick. Something hits you.
* * * LOW HITPOINT WARNING * * *
* * * LOW HITPOINT WARNING * * *
You feel very sick. Something hits you.
* * * LOW HITPOINT WARNING * * *
You are more poisoned.
Unknown command.
You die...

#..............# #.#
#.......#####.## #.# ###...###
#.# #.# #...# ##'## ##.# ##.##
##...## #..# ### ##.######.....##
###.## #.. ##......#.......##
##.#.# #.#
##....##.).....)..####....#####.#
#.............>{@.'..............
#.....##..........####......###.#
#.#...##.#.......## #..#.#.# #.#
#.##.....##.....## #.##.#.# #..
......##.###...## #.##.#.# ###
..######.# ##'## #.##.#.#
..######.# #.# #.##.#.# #
.........####.########......# ##
.#####........##....#####.### ##.


There were no monsters in sight!

Vanquished Creatures
  An ooze (D:1)
  3 dart slugs
  An orc (D:1)
  5 bats (D:1)
  A giant cockroach (D:1)
  5 goblins (D:1)
  A hobgoblin (D:1)
  4 jackals (D:1)
  5 kobolds
  2 frilled lizards (D:1)
  2 rats
30 creatures vanquished.

Notes
Turn   | Place    | Note
-------+----------+-------------------------------------------
     0 | Abyss:1  | funkygono the Demonspawn Abyssal Knight began the quest for
                  | the Orb.
     0 | Abyss:1  | Reached XP level 1. HP: 18/18 MP: 2/2
    62 | Abyss:1  | Noticed an orange demon
    67 | Abyss:1  | Noticed a starcursed mass
    78 | D:1      | Escaped the Abyss
   294 | D:1      | Gained mutation: You are partially covered in large bone
                  | plates. (SH +4) [demonic ancestry]
   294 | D:1      | Reached XP level 2. HP: 24/24 MP: 3/3
   422 | D:1      | Reached * piety under Lugonu
   463 | D:1      | Reached skill level 1 in Dodging
   825 | D:1      | Gained mutation: Your flesh is cold resistant. (rC+)
                  | [demonic ancestry]
   825 | D:1      | Reached XP level 3. HP: 29/29 MP: 4/4
  1180 | D:1      | HP: 1/29 [something (3)]
  1181 | D:1      | Succumbed to an orc wizard's poison

Skill      XL: |  1  2 |
---------------+-------+-----
Armour         | 2 |  2.0
Dodging        | 1 |  1.6
Maces & Flails | 2 |  2.2
Fighting       | |  3.6
Stealth        | |  0.1
Invocations    | |  2.5

Action                   || total
-------------------------++-------
Melee: Mace              ||   103
Invok: Depart the Abyss  ||     1
  Use: Scroll            ||     4
       Potion            ||     1
  Eat: Chunk             ||     1
Armor: Leather armour    ||    32
Dodge: Dodged            ||    71
Block: Other             ||    23
